 Dungeon Crawl Stone Soup version 0.30.1-9-gdf580d7c3d (webtiles) character file.

Game seed: 13352114870379426701

139422 viiyen the Warrior (level 16, -10/115 HPs)
             Began as a Gargoyle Hunter on Oct 1, 2023.
             Was a High Priest of the Shining One.
             Killed from afar by a merfolk aquamancer (30 damage)
             ... with a ball of steam
             ... on level 4 of the Shoals.
             The game lasted 01:14:17 (18615 turns).

viiyen the Warrior (Gargoyle Hunter)               Turns: 18615, Time: 01:14:18

Health: -10/115    AC: 32    Str: 19    XL:     16   Next: 98%
Magic:  16/16      EV: 21    Int: 10    God:    the Shining One [*****.]
Gold:   533        SH:  0    Dex: 25    Spells: 15/15 levels left

rFire   . . .        E - +5 arbalest (freeze)
rCold   . . .        (shield currently unavailable)
rNeg    + + +        F - +4 acid dragon scales
rPois   ∞            I - +1 helmet {SInv}
rElec   +            n - +2 cloak {rCorr}
rCorr   +            H - +0 pair of gloves of Hopscotch {Str+2 Slay+5}
SInv    +            p - +0 pair of boots
Will    +....        J - amulet of regeneration
Stlth   +            e - +6 ring of dexterity
HPRegen 1.19/turn    q - +4 ring of slaying
MPRegen 0.15/turn

%: no passive effects
@: flying, glowing
A: sickness immunity, AC +12, big wings, negative energy resistance 1,
electricity resistance, torment resistance 1, petrification resistance, deformed
body
}: 1/15 runes: serpentine
a: Renounce Religion, Divine Shield, Cleansing Flame, Summon Divine Warrior


You were on level 4 of the Shoals.
You worshipped the Shining One.
The Shining One was extremely pleased with you.
You visited 4 branches of the dungeon, and saw 20 of its levels.

You collected 1803 gold pieces.
You spent 1270 gold pieces at shops.

Inventory:

Hand Weapons
 E - a +5 arbalest of freezing (weapon)
Missiles
 z - 4 throwing nets
Armour
 n - a +2 cloak of preservation (worn)
 p - a +0 pair of boots (worn)
 F - +4 acid dragon scales (worn)
 H - the +0 pair of gloves of Hopscotch (worn) {Str+2 Slay+5}
   (You bought it in a shop on level 2 of the Snake Pit)

   Str:       It affects your strength (+2).
   Slay:      It affects your accuracy & damage with ranged weapons and melee
   (+5).
 I - a +1 helmet of see invisible (worn)
Jewellery
 e - a +6 ring of dexterity (left hand)
 m - a +4 ring of protection
 q - a +4 ring of slaying (right hand)
 y - a +5 ring of evasion
 D - a ring of ice
 J - an amulet of regeneration (around neck)
 K - a +6 ring of dexterity
 N - a ring of see invisible
Wands
 f - a wand of roots (11)
 x - a wand of polymorph (13)
 A - a wand of paralysis (3)
 O - a wand of quicksilver (10)
 S - a wand of mindburst (5)
Scrolls
 b - 5 scrolls of immolation
 c - a scroll of fear
 g - 4 scrolls of magic mapping
 h - 5 scrolls of amnesia
 j - 7 scrolls of blinking
 l - 14 scrolls of teleportation
 s - 6 scrolls of poison
 w - 3 scrolls of fog
 C - a scroll of brand weapon
 G - a scroll of silence
 P - a scroll of summoning
Potions
 a - 7 potions of haste
 d - 8 potions of ambrosia
 i - 4 potions of resistance
 k - a potion of brilliance
 o - 17 potions of curing
 r - 2 potions of might
 t - 6 potions of lignification
 u - 4 potions of attraction
 v - 6 potions of flight
 B - 2 potions of heal wounds
 L - 2 potions of berserk rage
 M - a potion of magic
 Q - a potion of cancellation {unknown}


   Skills:
 + Level 18.3 Fighting
 - Level 18.0 Ranged Weapons
 - Level 14.0 Armour
 + Level 11.1 Dodging
 - Level 1.1 Stealth


You had 15 spell levels left.
You didn't know any spells.
Your spell library contained the following spells:

 Spells                   Type           Power      Damage    Failure   Level
 Freeze                   Ice            0%         1d3       41%         1
 Kiss of Death            Conj/Necr      0%         2d5       41%         1
 Shock                    Conj/Air       0%         1d3       41%         1
 Sting                    Tmut/Pois      0%         1d3       41%         1
 Summon Small Mammal      Summ           0%         N/A       41%         1
 Poisonous Vapours        Pois/Air       0%         N/A       56%         2
 Call Canine Familiar     Summ           0%         N/A       80%         3
 Confusing Touch          Hex            0%         N/A       80%         3
 Dazzling Flash           Conj/Hex       0%         N/A       80%         3
 Frozen Ramparts          Ice            0%         1d1       80%         3
 Hailstorm                Conj/Ice       0%         3d3       80%         3
 Summon Guardian Golem    Hex/Summ       0%         N/A       80%         3
 Swiftness                Air            0%         N/A       80%         3
 Vhi's Electric Charge    Tloc/Air       0%         N/A       80%         3
 Airstrike                Air            0%         2d(0-16)  99%         4
 Dispel Undead            Necr           0%         3d6       99%         4
 Olgreb's Toxic Radiance  Pois           0%         N/A       99%         4
 Summon Ice Beast         Ice/Summ       0%         N/A       99%         4
 Agony                    Necr           0%         N/A       100%        5
 Arcjolt                  Conj/Air       0%         1d10      100%        5
 Silence                  Hex/Air        0%         N/A       100%        5
 Summon Mana Viper        Hex/Summ       0%         N/A       100%        5
 Plasma Beam              Fire/Air       0%         2x1d11    100%        6
 Monstrous Menagerie      Summ           0%         N/A       100%        7


Dungeon Overview and Level Annotations

Branches:
Dungeon (9/15)             Temple (0/1) D:6            Lair (3/5) D:9
 Shoals (4/4) Lair:3        Snake (4/4) Lair:2
    Orc: D:9-12

Altars:
Fedhas
Hepliaklqana
Makhleb
Okawaru
Qazlal
Uskayaw
Zin
The Shining One

Shops:
D:8 ?   D:9 :   Shoals:2 *?   Shoals:4 [   Snake:2 [[*(   Snake:3 *=:(


Innate Abilities, Weirdness & Mutations

You are immune to sickness and miasma.
Your stone body is resilient. (AC +12)
You are immune to poison.
Your large and strong wings let you fly.
You resist negative energy. (rN+)
You are resistant to electric shocks. (rElec)
You are resistant to unholy torment.
You are immune to petrification.
Armour fits poorly on your strangely shaped body.


Message History

Aim: a harpy (almost dead, haloed, 89% to hit)
You shoot a bolt. The bolt hits the harpy!
The bolt freezes the harpy.
You kill the harpy!
The merfolk aquamancer hits you with a +2 rapier of venom!
The merfolk javelineer hits you from afar with a +1 spear of venom!
The alligator snapping turtle completely misses you.
Fire: E) +5 arbalest (freeze)
Press: ? - help, Q - select action, (/) - cycle Shift-Dir - straight line, f - merfolk aquamancer
Aim: a merfolk aquamancer, wielding a +2 rapier of venom and wearing a +0 robe (haloed, 85% to hit)
You shoot a bolt. The bolt hits the merfolk aquamancer!
The bolt freezes the merfolk aquamancer.
The merfolk aquamancer is moderately wounded.
The alligator snapping turtle is no longer moving slowly.
The merfolk aquamancer hits you but does no damage.
The merfolk javelineer hits you but does no damage.
Fire: E) +5 arbalest (freeze)
Press: ? - help, Q - select action, (/) - cycle Shift-Dir - straight line, f/p - merfolk aquamancer
Aim: a merfolk aquamancer, wielding a +2 rapier of venom and wearing a +0 robe (moderately wounded, haloed, 85% to hit)
You shoot a bolt.
The bolt barely misses the merfolk aquamancer.
The alligator snapping turtle bites you!!
* * * LOW HITPOINT WARNING * * *
The merfolk aquamancer hits you but does no damage.
The merfolk javelineer misses you.
Fire: E) +5 arbalest (freeze)
Press: ? - help, Q - select action, (/) - cycle Shift-Dir - straight line, f/p - merfolk aquamancer
Aim: a merfolk aquamancer, wielding a +2 rapier of venom and wearing a +0 robe (moderately wounded, haloed, 85% to hit)
Okay, then.
Blink to where?
Press: ? - help, Dir - move target, p - merfolk aquamancer
Okay, then.
The alligator snapping turtle misses you.
The merfolk aquamancer gestures at you while chanting.
The shard of ice hits you!!! The Shining One protects you from harm!
A merfolk aquamancer comes into view. It is wielding a +0 rapier.
The merfolk aquamancer shouts!
The merfolk aquamancer casts a spell at you.
The ball of steam hits you!!
You die...

~~~~~~~~~~~~.....≈~~[
~~~~~~~~~~~~~~~.~~~~#
~m~~~~~~~)~~~~~~####
.~~~~~~~~~~~~~~~#
#~~...~~##'~~~#
≈≈##~...~~#∩#~~~#
..~##...~~###~~≈#
~~~#..~~~~~~≈≈≈# #
#~~#.@~~~~~≈≈≈≈# ≈##≈
~m#.§†~~~≈≈≈≈≈#
≈≈≈≈~#t#§~~~~~≈≈≈≈≈≈#
#≈~)m~#m~~~~≈≈≈≈≈≈##
#.m~~~≈≈≈≈≈≈≈#
#~.m~~~≈≈≈≈≈≈
#~~~~~~≈≈≈≈≈≈≈
≈~~~~~~~≈≈≈≈≈≈≈≈
≈≈≈≈≈~~≈≈≈≈≈≈≈≈≈≈


You could see a merfolk javelineer, 2 merfolk aquamancers and a merfolk.

Vanquished Creatures
  Frances (Snake:1)
  5 nagarajas (Snake:4)
  5 merfolk impalers
  2 hydras (Lair:3)
  A salamander tyrant (Snake:2)
  5 merfolk avatars
  A centaur warrior (Shoals:2)
  2 satyrs
  3 merfolk aquamancers
  5 anacondas
  16 naga warriors
  2 alligator snapping turtles
  The ghost of Kurtz the Cleaver, a journeyman TeFi of Okawaru (D:9)
  Erica (D:9)
  14 naga sharpshooters
  7 shock serpents
  4 salamander mystics (Snake:4)
  6 skysharks
  11 naga ritualists
  9 sea snakes
  Pikel (D:8)
  14 mana vipers
  16 harpies
  15 fauns
  A cyclops (Shoals:2)
  8 manticores
  9 salamanders
  22 black mambas
  4 guardian serpents
  6 merfolk sirens
  16 naga magi
  5 water nymphs
  4 cane toads
  Maggie (D:6)
  3 komodo dragons
  A polar bear (Lair:3)
  3 wind drakes
  3 trolls
  16 merfolk
  3 blink frogs (Lair:3)
  7 snapping turtles
  3 dream sheep (Shoals:2)
  3 shadows (D:9)
  4 wyverns
  7 water elementals
  17 yaks
  Eustachio (D:4)
  A steam dragon (D:7)
  60 nagas
  An acid dragon (D:9)
  10 water moccasins
  A sky beast (D:6)
  A black bear (D:5)
  2 orc warriors
  An ogre (D:5)
  2 centaurs
  A lemure (D:8)
  3 kobold brigands
  5 bullfrogs
  2 scorpions
  4 wights (D:7)
  11 killer bees
  8 electric eels (Snake:1)
  4 howler monkeys (D:7)
  3 orc priests
  4 hounds
  A jelly (D:7)
  A gnoll bouda (D:7)
  Jessica (D:2)
  5 iguanas
  2 sleepcaps
  8 orc wizards
  2 hell rats (Lair:2)
  4 gnolls (D:7)
  7 adders
  8 river rats (Lair:2)
  3 white imps
  An ufetubus (D:6)
  A worm (D:2)
  36 orcs
  7 ball pythons
  2 bats (D:1)
  8 endoplasms
  2 giant cockroaches
  9 goblins
  7 hobgoblins
  4 jackals (D:3)
  2 quokkas (D:1)
  A frilled lizard (D:1)
  21 kobolds
  7 rats
568 creatures vanquished.

Vanquished Creatures (others)
  A harpy (Shoals:3)
1 creature vanquished.

Grand Total: 569 creatures vanquished

Notes
Turn   | Place    | Note
-------+----------+-------------------------------------------
     0 | D:1      | viiyen the Gargoyle Hunter began the quest for the Orb.
     0 | D:1      | Reached XP level 1. HP: 12/12 MP: 1/1
   184 | D:1      | Reached XP level 2. HP: 18/18 MP: 2/2
   278 | D:1      | Found a hide-covered altar of Uskayaw.
   410 | D:1      | Reached XP level 3. HP: 23/23 MP: 3/3
   770 | D:2      | Noticed Jessica
   775 | D:2      | Killed Jessica
  1161 | D:2      | Reached XP level 4. HP: 28/28 MP: 4/4
  1874 | D:3      | Found a faded altar of an unknown god.
  2333 | D:4      | Noticed a scorpion
  2339 | D:4      | Killed a scorpion
  2340 | D:4      | Reached skill level 5 in Ranged Weapons
  2340 | D:4      | Reached XP level 5. HP: 34/34 MP: 5/5
  2458 | D:5      | Entered Level 5 of the Dungeon
  2472 | D:5      | Reached skill level 5 in Fighting
  2472 | D:5      | Reached XP level 6. HP: 18/40 MP: 6/6
  2656 | D:5      | Noticed a black bear
  2670 | D:5      | Killed a black bear
  2717 | D:5      | Reached XP level 7. HP: 45/45 MP: 7/7
  3534 | D:4      | Noticed Eustachio
  3543 | D:4      | Killed Eustachio
  3544 | D:4      | Reached XP level 8. HP: 53/53 MP: 8/8
  3908 | D:6      | Noticed a troll
  3921 | D:6      | Killed a troll
  4061 | D:6      | Identified the +1 leather armour of Honour {+Inv Str+3}
  4064 | D:6      | Found a staircase to the Ecumenical Temple.
  4125 | D:6      | Noticed Maggie
  4137 | D:6      | Killed Maggie
  4191 | D:6      | Found a stormy altar of Qazlal.
  4316 | D:6      | Reached XP level 9. HP: 59/59 MP: 9/9
  4441 | D:6      | Found a glowing golden altar of the Shining One.
  4448 | D:6      | Became a worshipper of the Shining One
  4760 | D:7      | Reached skill level 10 in Ranged Weapons
  5466 | D:7      | Found an iron altar of Okawaru.
  5732 | D:8      | Noticed Pikel
  5752 | D:8      | Killed Pikel
  5753 | D:8      | Reached XP level 10. HP: 52/64 MP: 10/10
  5797 | D:8      | Found Irat's Magic Scroll Shop.
  5805 | D:8      | Bought a scroll of identify for 24 gold pieces
  5805 | D:8      | Bought a scroll of enchant armour for 90 gold pieces
  5805 | D:8      | Bought a scroll of identify for 24 gold pieces
  5805 | D:8      | Bought a scroll of brand weapon for 114 gold pieces
  5805 | D:8      | Bought a scroll of enchant armour for 90 gold pieces
  5805 | D:8      | Bought a scroll of identify for 24 gold pieces
  5828 | D:8      | Reached * piety under the Shining One
  5952 | D:8      | Found a blossoming altar of Fedhas.
  6267 | D:8      | Found a burning altar of Makhleb.
  6272 | D:8      | Noticed a blizzard demon
  6277 | D:8      | Found a glowing silver altar of Zin.
  6278 | D:8      | Noticed an angel
  6347 | D:8      | Found a hazy altar of Hepliaklqana.
  6637 | D:9      | Found Kougag's Book Emporium.
  7092 | D:9      | Noticed Erica
  7102 | D:9      | Killed Erica
  7320 | D:9      | Found a staircase to the Lair.
  7363 | D:9      | Found a runed translucent gate.
  7363 | D:9      | Found a runed translucent gate.
  7363 | D:9      | Found a runed translucent gate.
  7364 | D:9      | Noticed Kurtz's ghost (journeyman TeFi)
  7747 | D:9      | Killed Kurtz's ghost
  7748 | D:9      | Reached skill level 15 in Ranged Weapons
  8049 | Lair:1   | Entered Level 1 of the Lair of Beasts
  8270 | Lair:1   | Reached XP level 11. HP: 68/68 MP: 11/11
  9979 | Lair:2   | Found a staircase to the Snake Pit.
 10048 | Snake:1  | Entered Level 1 of the Snake Pit
 10048 | Snake:1  | Noticed an anaconda
 10048 | Snake:1  | Reached ** piety under the Shining One
 10048 | Snake:1  | Noticed a naga warrior
 10053 | Snake:1  | Killed an anaconda
 10054 | Snake:1  | Killed a naga warrior
 10071 | Snake:1  | Noticed a naga sharpshooter
 10072 | Snake:1  | Noticed a naga sharpshooter
 10074 | Snake:1  | Reached skill level 5 in Dodging
 10074 | Snake:1  | Reached XP level 12. HP: 73/73 MP: 12/12
 10084 | Snake:1  | Killed a naga sharpshooter
 10091 | Snake:1  | Killed a naga sharpshooter
 10508 | Snake:1  | Noticed a shock serpent
 10511 | Snake:1  | Killed a shock serpent
 10535 | Snake:1  | Noticed a naga sharpshooter
 10539 | Snake:1  | Killed a naga sharpshooter
 10542 | Snake:1  | Noticed a naga warrior
 10544 | Snake:1  | Noticed a naga warrior
 10557 | Snake:1  | Killed a naga warrior
 10569 | Snake:1  | Killed a naga warrior
 10642 | Snake:1  | Noticed a naga sharpshooter
 10654 | Snake:1  | Killed a naga sharpshooter
 10917 | Snake:1  | Noticed Frances
 10921 | Snake:1  | Killed Frances
 10922 | Snake:1  | Reached XP level 13. HP: 77/78 MP: 13/13
 10929 | Snake:1  | Reached skill level 1 in Armour
 11411 | Snake:2  | Found Homyntes's Antique Armour Emporium.
 11747 | Snake:1  | Reached skill level 5 in Armour
 11932 | Snake:2  | Found Gutyle's Assorted Antiques.
 11969 | Snake:2  | Found Micram's Weapon Boutique.
 11976 | Snake:2  | Reached skill level 10 in Fighting
 12167 | Snake:2  | Found Roseicsa's Antique Armour Emporium.
 12174 | Snake:2  | Bought a pair of scorched gloves for 237 gold pieces
 12174 | Snake:2  | Identified the +0 pair of gloves of Hopscotch {Str+2
                  | Slay+5} (You bought it in a shop on level 2 of the Snake
                  | Pit)
 12174 | Snake:2  | Bought a glowing helmet for 187 gold pieces
 12482 | Snake:3  | Reached *** piety under the Shining One
 12563 | Snake:3  | Gained mutation: Your large and strong wings let you fly.
                  | [Gargoyle growth]
 12563 | Snake:3  | Reached XP level 14. HP: 90/90 MP: 14/14
 12957 | Snake:3  | Found Raorgheph's Book Shoppe.
 12972 | Snake:3  | Found Cyuz's Antique Weapon Shoppe.
 12972 | Snake:3  | Found Mawext's Assorted Antiques.
 12977 | Snake:3  | Found Xucyez's Jewellery Emporium.
 13262 | Snake:3  | Reached skill level 10 in Armour
 13324 | Snake:4  | Entered Level 4 of the Snake Pit
 13913 | Snake:4  | Identified a scroll of acquirement
 13922 | Snake:4  | Acquired 330 gold pieces
 13948 | Snake:4  | Reached **** piety under the Shining One
 13964 | Snake:4  | Reached XP level 15. HP: 72/100 MP: 15/15
 14085 | Snake:4  | Noticed a nagaraja
 14090 | Snake:4  | Killed a nagaraja
 14423 | Snake:4  | Noticed a nagaraja
 14436 | Snake:4  | Noticed a nagaraja
 14442 | Snake:4  | Killed a nagaraja
 14450 | Snake:4  | Reached skill level 15 in Fighting
 14454 | Snake:4  | Killed a nagaraja
 14519 | Snake:4  | Noticed a nagaraja
 14531 | Snake:4  | Killed a nagaraja
 14609 | Snake:4  | Noticed a nagaraja
 14614 | Snake:4  | Killed a nagaraja
 14642 | Snake:4  | Got a serpentine rune of Zot
 14766 | Snake:4  | Gained mutation: You are agile. (Dex +4, Str/Int -1)
                  | [potion of mutation]
 14766 | Snake:4  | Gained mutation: You have a somewhat thin skeletal
                  | structure. (Dex +2, Stealth+) [potion of mutation]
 14768 | Snake:4  | Lost mutation: You are agile. (Dex +4, Str/Int -1) [potion
                  | of mutation]
 14768 | Snake:4  | Lost mutation: You have a somewhat thin skeletal structure.
                  | (Dex +2, Stealth+) [potion of mutation]
 14768 | Snake:4  | Gained mutation: You are somewhat resistant to further
                  | mutation. [potion of mutation]
 15006 | Snake:3  | Bought an amulet of regeneration for 480 gold pieces
 15679 | Lair:3   | Reached ***** piety under the Shining One
 15732 | Lair:3   | Found a staircase to the Shoals.
 15971 | Shoals:1 | Entered Level 1 of the Shoals
 16210 | Shoals:1 | Reached XP level 16. HP: 111/111 MP: 16/16
 16428 | Shoals:1 | Lost mutation: You are somewhat resistant to further
                  | mutation. [potion of mutation]
 16428 | Shoals:1 | Gained mutation: You possess an exceptional clarity of
                  | mind. [potion of mutation]
 16429 | Shoals:1 | Lost mutation: You possess an exceptional clarity of mind.
                  | [potion of mutation]
 16429 | Shoals:1 | Gained mutation: Armour fits poorly on your strangely
                  | shaped body. [potion of mutation]
 16544 | Shoals:1 | Found a frozen archway.
 17051 | Shoals:2 | Found Juob's Magic Scroll Emporium.
 17351 | Shoals:2 | Found Puruc's Assorted Antiques.
 17391 | Shoals:2 | Reached skill level 10 in Dodging
 18560 | Shoals:4 | Entered Level 4 of the Shoals
 18560 | Shoals:4 | Found Xisuenan's Antique Armour Boutique.
 18614 | Shoals:4 | The Shining One protects you from harm!
 18615 | Shoals:4 | Killed from afar by a merfolk aquamancer

Illustrated notes

Levels and vault maps discovered:
D:1:      matt_arrival_grand_opening, layout_loops_ring, minmay_hexomino_r4
D:2:      layout_loops_corners, uniq_jessica
D:3:      layout_basic, chequers_ecumenical_altar_island
D:4:      layout_basic, uniq_eustachio
D:5:      layout_rooms
D:6:      layout_loops_ring, nicolae_qazlal_scattered_showers, tso_altar,
          minmay_temple_entry_steel_oval, uniq_maggie
D:7:      layout_cave_pools, old_standard_altar
D:8:      layout_basic, grunt_temple_overflow_order_and_chaos_2,
          mainiacjoe_overflow_concentric_impassable, nzn_hepliaklqana_mist_gate,
          serial_shops, shop, grunt_decor_one_mirror, palyth_stone_intersect,
          uniq_pikel
D:9:      layout_long_grid, lair_entry_dummy, gammafunk_ghost_spectres,
          serial_shops, nicolae_shop_hallway_stairs, uniq_erica
Lair:1:   layout_cave_pods, chequers_serial_rivers_room_a
Lair:2:   layout_roguey, nicolae_snake_entry_squirm, kennysheep_rathole
Lair:3:   layout_roguey, minmay_shoals_entry_lonely_mermaid
Shoals:1: layout_shoals, portal_ice_cave_entry_pillars_three,
          nicolae_shoals_lost_giant_temple, nicolae_shoals_gull_way
Shoals:2: layout_shoals, serial_shops, shop, nicolae_shop_tiny_waterfront
Shoals:3: layout_shoals
Shoals:4: shoals_end_hangedman, layout_shoals, serial_shops,
          nicolae_shop_tiny_glass, nicolae_shoals_goliath_grotto
Snake:1:  layout_grid_shapes, grunt_ministairs_14, serial_bayou_lake_a,
          uniq_frances
Snake:2:  layout_rooms, serial_shops, nicolae_shop_tiny_statue_garden,
          nicolae_shop_rolling_square, shop, nicolae_shop_crystal, special_room
Snake:3:  cheibrodos_forgotten_conduit, layout_misc_corridors, minmay_shoptagon
Snake:4:  johnstein_snake_rune_scales, layout_cave_town, grunt_megastairs_1

Skill      XL: |  1  2  3  4  5  6  7  8  9 10 11 12 13 14 15 16 |
---------------+-------------------------------------------------+-----
Fighting       | 3 4 5 7 8 11 14 16 18 | 18.3
Ranged Weapons | 5 6 7 9 12 15 16 18 | 18.0
Dodging        | 5 8 11 | 11.1
Armour         | 8 11 14 | 14.0
Stealth        | |  1.1

Action                     |  1- 3 |  4- 6 |  7- 9 | 10-12 | 13-15 | 16-18 || total
---------------------------+-------+-------+-------+-------+-------+-------++-------
   Fire: Sling             |    55 |   110 |   318 |    69 |       |       ||   552
         Shortbow          |     4 |       |       |       |       |       ||     4
         Arbalest          |       |       |       |   315 |   609 |   305 ||  1229
    Use: Scroll            |     3 |     4 |     6 |    16 |    10 |     2 ||    41
         Potion            |       |       |       |       |     3 |     2 ||     5
 Armour: Leather armour    |     7 |    24 |    88 |    20 |       |       ||   139
         Acid dragon scale |       |       |       |    41 |   143 |   116 ||   300
  Dodge: Dodged            |     8 |    33 |    93 |    78 |   212 |   169 ||   593
  Block: Other             |       |    13 |    41 |    28 |    57 |       ||   139
         Reflection        |       |       |     2 |    10 |    11 |       ||    23
